 Dungeon Crawl Stone Soup version 0.29.1-15-g9cfb28693d (webtiles) character file.

Game seed: 13054549887427253126

46 Descartes the Ducker (level 3, -1/17 HPs)
             Began as a Felid Monk on Feb 26, 2023.
             Slain by Robin
             ... wielding a +6 vorpal spear
              (6 damage)
             ... on level 2 of the Dungeon.
             The game lasted 00:04:04 (2159 turns).

Descartes the Ducker (Felid Monk)                   Turns: 2159, Time: 00:04:05

Health: -1/17      AC:  1    Str:  9    XL:     3   Next: 44%
Magic:  4/4        EV: 20    Int: 11    God:
Gold:   106        SH:  0    Dex: 18    Spells: 2/2 levels left
                                        Lives:  0   Deaths: 1

rFire   . . .      SeeInvis +     - Unarmed
rCold   . . .      Faith    .   (shield unavailable)
rNeg    . . .      Spirit   .   (body armour unavailable)
rPois   .          Reflect  .   (helmet unavailable)
rElec   .          Harm     .   (cloak unavailable)
rCorr   .          Rampage  .   (gloves unavailable)
Will    .....                   (boots unavailable)
Stlth   +++.......              (no amulet)
HPRegen 0.05/turn               (no ring)
MPRegen 0.09/turn               (no ring)

@: quick
A: very small, claws 1, fangs 3, see invisible, speed 1, shaggy fur 1, stealthy
paws, no weapons or thrown items, no armour, multi-lived
a: no special abilities


You were on level 2 of the Dungeon.
You visited 1 branch of the dungeon, and saw 2 of its levels.

You collected 106 gold pieces.

Inventory:

Jewellery
 k - a +6 ring of dexterity
Scrolls
 c - a scroll of noise {unknown}
 d - 3 scrolls of identify {unknown}
 e - a scroll of torment {unknown}
 f - a scroll of poison {unknown}
 g - 3 scrolls of amnesia {unknown}
 i - a scroll of blinking {unknown}
Potions
 j - a potion of flight {unknown}


   Skills:
 + Level 3.4 Fighting
 * Level 5.2 Dodging
 + Level 3.6 Stealth
 * Level 3.8 Unarmed Combat


You had 2 spell levels left.
You didn't know any spells.
Your spell library was empty.

Dungeon Overview and Level Annotations

Branches:
Dungeon (2/15)

Altars:

Shops:
D:2 =

Annotations:
D:2 Robin


Innate Abilities, Weirdness & Mutations

You have sharp claws.
You have razor-sharp teeth.
You have supernaturally acute eyesight. (SInv)
You cover ground quickly. (Speed+)
You are covered in fur. (AC +1)
Your paws help you pounce on unaware monsters.
You are incapable of wielding weapons or throwing items.
You cannot wear armour.
You gain extra lives every three experience levels.


Message History

You feel sick.
The hobgoblin no longer looks unusually strong.
The goblin hits you with a +0 dagger.
* * * LOW HITPOINT WARNING * * *
The goblin misses you. The goblin hits you with a +0 dagger.
You die...
You are now level 3!
You rejoin the land of the living...
Robin roars a battlecry!
The goblins go into a battle-frenzy!
There is an escape hatch in the ceiling here.
Robin roars a battlecry!
The goblin goes into a battle-frenzy!
The hobgoblin closely misses you.
The goblin unwields a +0 club.
The goblin wields a +0 sling.
The goblin shoots a sling bullet.
The sling bullet hits you! Robin throws the goblin at you!
A mysterious force pulls you upwards. The hatch slams shut behind you.
You are too injured to fight recklessly!
You scratch the hobgoblin but do no damage.
The hobgoblin closely misses you.
You barely miss the hobgoblin. The hobgoblin barely misses you.
You scratch the hobgoblin. You bite the hobgoblin.
You kill the hobgoblin!
HP restored.
Done exploring.
There is a stone staircase leading down here.
You climb downwards.
Level annotation: Robin
There is a stone staircase leading up here.
Robin is nearby!
Things that are here:
a +0 club; a +0 leather armour; a stone
There is a stone staircase leading up here.
Robin shouts!
You hear a shout! x3
Robin hits you from afar with a +6 vorpal spear.
Robin throws the goblin at you! The goblin hits you with a +0 dagger.
* * * LOW HITPOINT WARNING * * *
Robin hits you from afar with a +6 vorpal spear.
You die...

#...........#...............#....
#......g..###.###.............†..
..............# ##..........#....
............######....<..........
#........#...#..............#....
..........g....###..........#....
.........#..g#####..........#....
.#.#..###.....g.##..........#....
.#.#..# #.......@g....###########
......###.............#
.#.................##.#
......###.).......###.###
#....####.........# #...####
##.#..#.......∩...# ###....#
#......#.........# ####.#
##...............## #.#
#....###..######.# #.#


You could see Robin, a hobgoblin and 2 goblins.

Vanquished Creatures
  A hound (D:2)
  2 adders (D:2)
  2 worms (D:2)
  A bat (D:1)
  An endoplasm (D:1)
  2 giant cockroaches (D:2)
  6 goblins
  5 hobgoblins
  4 jackals (D:1)
  5 kobolds
  A quokka (D:2)
  7 ball pythons
  3 frilled lizards (D:1)
  3 rats (D:1)
43 creatures vanquished.

Vanquished Creatures (others)
  2 plants (D:2)
2 creatures vanquished.

Grand Total: 45 creatures vanquished

Notes
Turn   | Place    | Note
-------+----------+-------------------------------------------
     0 | D:1      | Descartes the Felid Monk began the quest for the Orb.
     0 | D:1      | Reached XP level 1. HP: 10/10 MP: 2/2
   334 | D:1      | Reached XP level 2. HP: 14/14 MP: 3/3
   979 | D:2      | Reached XP level 3. HP: 12/17 MP: 4/4
  1210 | D:2      | Reached skill level 5 in Dodging
  1458 | D:2      | Found Pyxuint's Jewellery Shop.
  1471 | D:2      | Reached XP level 4. HP: 12/21 MP: 5/5
  1862 | D:2      | Noticed Robin
  1887 | D:2      | Slain by a goblin
  1888 | D:2      | Reached XP level 3. HP: 0/17 MP: 4/4
  2159 | D:2      | Slain by Robin

Illustrated notes

Levels and vault maps discovered:
D:1:      lightli_arrival_farm, layout_basic
D:2:      layout_rooms, serial_shops, shop, serial_bayou_crossing, uniq_robin

Skill      XL: |  1  2  3 |
---------------+----------+-----
Stealth        | 3 |  3.6
Dodging        | 5 |  5.2
Fighting       | |  3.4
Unarmed Combat | |  3.8

Action                   |  1- 3 |  4- 6 || total
-------------------------+-------+-------++-------
Melee: Unarmed           |   112 |    43 ||   155
       Bite              |    12 |     3 ||    15
       Punch             |     3 |     3 ||     6
  Use: Potion            |       |     3 ||     3
 Stab: Sleeping          |     4 |     1 ||     5
       Distracted        |     1 |       ||     1
Armor: Skin              |     4 |     1 ||     5
Dodge: Dodged            |    99 |    61 ||   160
